 Dungeon Crawl Stone Soup version 0.16-a0-2150-g7556756 (webtiles) character file.

94 wvc the Cudgeler (level 4, -5/35 HPs)
             Began as a Mummy Fighter on Nov 14, 2014.
             Slain by ztt's ghost (9 damage)
             ... on level 3 of the Dungeon.
             The game lasted 00:05:23 (2093 turns).

wvc the Cudgeler (Mummy Fighter)                    Turns: 2093, Time: 00:05:23

Health: -5/35      AC:  8    Str: 20    XL:     4   Next: 38%
Magic:  4/4        EV:  7    Int:  7    God:
Gold:   118        SH:  8    Dex: 11    Spells: 0 memorised, 3 levels left

rFire  . . .     SeeInvis .     a - +1 flail
rCold  + . .     Clarity  .     e - +2 ring mail {rF+}
rNeg   + + +     SustAb   .     c - +0 shield
rPois  +         Gourm    .     f - +0 helmet
rElec  .         Spirit   .     (no cloak)
rCorr  .         Warding  .     (no gloves)
rMut   .         Stasis   .     (no boots)
MR     .....                    (no amulet)
Stlth  +.........               (no ring)
                                i - ring of flight

@: not resistant to hostile enchantments, very unstealthy
A: no food or potions, fire vulnerability, restore body, cold resistance 1,
negative energy resistance 3, poison resistance, torment resistance, unbreathing
a: Evoke Flight


You were on level 3 of the Dungeon.
You were not hungry.

You visited 1 branch of the dungeon, and saw 3 of its levels.

You collected 118 gold pieces.

Inventory:

Hand weapons
 a - a +1 flail (weapon)
Armour
 c - a +0 shield (worn)
 e - a +2 ring mail of fire resistance (worn)
 f - a +0 helmet (worn)
Jewellery
 i - a ring of flight (left hand)
 k - an uncursed amulet of stasis
Scrolls
 b - a scroll of enchant weapon
 d - 2 scrolls of remove curse
 g - a scroll of immolation
 n - a scroll of recharging


   Skills:
 - Level 3.0 Fighting
 * Level 3.4 Maces & Flails
 - Level 2.4 Armour
 + Level 1.3 Dodging
 - Level 2.4 Shields


You had 3 spell levels left.
You didn't know any spells.

Dungeon Overview and Level Annotations

Branches:
Dungeon (3/15)

Altars:
Elyvilon

Annotations:
D:3 ztt's ghost, weakling MiBe


Innate Abilities, Weirdness & Mutations

You do not eat or drink.
Your flesh is vulnerable to fire.
Your flesh is cold resistant.
You are immune to negative energy.
Your system is resistant to poisons.
You are immune to unholy pain and torment.
You can survive without breathing.


Message History

Ztt's ghost is severely damaged.
Ztt's ghost hits you!
You hit ztt's ghost but do no damage.
Ztt's ghost is severely damaged.
Ztt's ghost hits you.
* * * LOW HITPOINT WARNING * * *
You block ztt's ghost's attack.
You are too injured to fight recklessly!
You are too injured to fight recklessly!
You are too injured to fight recklessly!
You are too injured to fight recklessly!
You closely miss ztt's ghost.
Ztt's ghost is severely damaged.
Ztt's ghost hits you but does no damage.
You closely miss ztt's ghost.
Ztt's ghost is severely damaged.
Ztt's ghost hits you.
* * * LOW HITPOINT WARNING * * *
Ztt's ghost hits you!
You die...

......######......####.....#.# ##
.♣♣...######.####............#***
♣♣*♣..'.#....#########...........
♣♣♣♣..'...##....................#
.♣♣...#..##..#########.....######
......####..##########.....#
......#....................#**###
#''####....######...........,,...
...............W@.#######.##**###
#....†.....########***,,,,*
######.........,,,,,,,,****
#.....%...,******** #........,,*
#........,,* #.....W..,,*
#.......,,,* #......,,,,*


You could see ztt's ghost.

Vanquished Creatures
  Terence (D:2)
  2 adders (D:2)
  A worm (D:2)
  2 oozes (D:3)
  2 giant cockroaches (D:3)
  10 hobgoblins
  4 jackals (D:1)
  7 kobolds
  A quokka (D:2)
  A ball python (D:1)
  3 bats
  4 giant newts
  7 goblins
  9 rats
54 creatures vanquished.

Notes
Turn   | Place    | Note
--------------------------------------------------------------
     0 | D:1      | wvc, the Mummy Fighter, began the quest for the Orb.
     0 | D:1      | Reached XP level 1. HP: 18/18 MP: 1/1
   122 | D:1      | Reached XP level 2. HP: 16/24 MP: 2/2
   870 | D:2      | Reached XP level 3. HP: 16/29 MP: 3/3
  1219 | D:2      | Noticed Terence
  1235 | D:2      | Killed Terence
  1430 | D:2      | Found a white marble altar of Elyvilon.
  1442 | D:2      | Reached skill level 1 in Dodging
  1500 | D:2      | Reached XP level 4. HP: 32/35 MP: 4/4
  1945 | D:3      | Noticed ztt's ghost (weakling MiBe)
  2093 | D:3      | Slain by ztt's ghost

Action                   |  1- 3 |  4- 6 || total
-------------------------+-------+-------++-------
Melee: Flail             |   109 |    48 ||   157
  Use: Scroll            |       |    10 ||    10
